 Dungeon Crawl Stone Soup version 0.29-a0-775-g4d7333d4e2 (webtiles) character file.

Game seed: 10753203963377292364

4366 crusatyr the Grappler (level 10, -8/88 HPs)
             Began as a Troll Berserker on July 1, 2022.
             Was an Elder of Trog.
             Mangled by a komodo dragon (30 damage)
             ... on level 8 of the Dungeon.
             The game lasted 00:11:07 (5452 turns).

crusatyr the Grappler (Troll Berserker)             Turns: 5452, Time: 00:11:08

Health: -8/88      AC:  9    Str: 31    XL:     10   Next: 13%
Magic:  9/9        EV: 10    Int:  3    God:    Trog [****..]
Gold:   159        SH:  5    Dex:  9    Spells: 9/9 levels left

rFire   + . .      SeeInvis .     - Unarmed
rCold   . . .      Faith    .   (no shield)
rNeg    . . .      Spirit   .   H - +2 robe {Will+}
rPois   .          Reflect  +   (helmet restricted)
rElec   .          Harm     .   r - +2 cloak
rCorr   .          Rampage  .   (gloves unavailable)
Will    +++..                   (boots unavailable)
Stlth   +.........              m - amulet of reflection
HPRegen 2.04/turn               l - ring of protection from fire
MPRegen 0.11/turn               (no ring)

@: strong-willed, regenerating
A: large, unfitting armour, claws 3, regeneration 1, shaggy fur 1, tough skin 1
a: Renounce Religion, Berserk, Trog's Hand, Brothers in Arms


You were on level 8 of the Dungeon.
You worshipped Trog.
Trog was greatly pleased with you.
You visited 2 branches of the dungeon, and saw 9 of its levels.

You collected 406 gold pieces.
You spent 247 gold pieces at shops.

Inventory:

Hand Weapons
 f - a +2 vampiric whip
 w - a +2 whip of flaming
Missiles
 t - a throwing net
 u - 3 large rocks (quivered)
 y - 2 boomerangs of dispersal
 A - 38 poisoned darts
Armour
 r - a +2 cloak (worn)
 H - a +2 robe of willpower (worn)
Jewellery
 b - a ring of fire
 h - a ring of fire
 i - a ring of ice
 l - a ring of protection from fire (left claw)
 m - an amulet of reflection (around neck)
 p - an amulet of guardian spirit
Wands
 c - a wand of light (5)
 n - a wand of flame (20)
 q - a wand of iceblast (19)
Scrolls
 a - a scroll of fog {unknown}
 g - 4 scrolls of teleportation
 j - a scroll of enchant weapon
 B - 2 scrolls of vulnerability {unknown}
 C - 7 scrolls of identify
 D - a scroll of magic mapping
 E - a scroll of fear {unknown}
 F - a scroll of summoning {unknown}
 G - 2 scrolls of enchant armour
Potions
 d - a potion of berserk rage
 e - a potion of magic
 k - a potion of cancellation
 o - 2 potions of resistance
 s - 2 potions of heal wounds
 v - a potion of lignification
 x - 3 potions of mutation {unknown}
 z - 5 potions of curing {unknown}
 I - a potion of degeneration {unknown}


   Skills:
 - Level 2.4 Fighting
 + Level 8.1 Throwing
 - Level 2.4 Dodging
 + Level 12.1 Unarmed Combat


You had 9 spell levels left.
You didn't know any spells.
Your spell library was empty.

Dungeon Overview and Level Annotations

Branches:
Dungeon (8/15)             Temple (1/1) D:5
   Lair: D:8-11

Altars:
Ashenzari
Cheibriados
Dithmenos
Kikubaaqudgha
Okawaru
Qazlal
Uskayaw
Wu Jian

Shops:
D:4 [   D:7 *   D:8 (

Portals:
Abyss: D:4

Annotations:
D:4 2 transporters, coolguy69's ghost, amateur VSMo
D:8 2 runed translucent doors, Drazool's ghost, novice SpAM


Innate Abilities, Weirdness & Mutations

You are too large for most types of armour.
You have claws for hands.
Your natural rate of healing is unusually fast.
You are covered in fur. (AC +1)
You have tough skin. (AC +1)


Message History

A nearby fungus withers and dies.
A killer bee comes into view.
The troll bites you.
The troll claws you. x2; Something stings the fungus.
The fungus begins to die.
The killer bee moves out of view.
You mangle the troll!!
The troll is heavily wounded.
The troll bites you! The troll claws you but does no damage.
The troll claws you!
The komodo dragon bites you but does no damage.
A killer bee comes into view.
The killer bee stings the plant.
The plant begins to die.
You closely miss the troll.
The troll is heavily wounded.
A nearby fungus withers and dies.
The killer bee stings the plant!
You block the troll's attack. The troll barely misses you.
The troll claws you but does no damage. The komodo dragon bites you!!
A killer bee comes into view.
You claw the troll!
The troll is severely wounded.
A nearby plant withers and dies.
The killer bee stings the fungus.
The fungus begins to die.
The troll bites you! The troll claws you but does no damage.
The troll claws you. The komodo dragon bites you!!
* * * LOW HITPOINT WARNING * * *
You claw the troll!
You kill the troll!
Trog accepts your kill.
The killer bee stings the fungus!
The killer bee stings the plant.
The killer bee stings the plant!
The killer bee stings the fungus.
Your life force feels restored.
The killer bee stings the fungus.
Your skin crawls.
You feel strong-willed.
The killer bee stings the fungus.
You block the komodo dragon's attack.
A killer bee comes into view.
The komodo dragon attacks as you move away!
The komodo dragon barely misses you.
The komodo dragon attacks as you move away!
The komodo dragon bites you!!
You die...

..#################
..................#
#################.##
.# #..# .# ##.# .#
#.# ## #.#
########.##
#.$...@ly.#
#.#######s# #......#
#y####..#


.yP # .y. # PPy.. # y$.P. # .P...PP You could see a komodo dragon, a scorpion
and a killer bee.

Vanquished Creatures
  A two-headed ogre (D:8)
  Pikel (D:5)
  2 trolls (D:8)
  Prince Ribbit (D:7)
  A sky beast (D:6)
  A black bear (D:4)
  2 centaurs
  2 ogres
  3 lemures (D:5)
  A phantom (D:6)
  6 kobold brigands
  4 bullfrogs
  A scorpion (D:5)
  9 wights (D:8)
  A jelly (D:6)
  4 orc priests
  5 hounds
  Crazy Yiuf (D:4)
  A bouda (D:4)
  2 iguanas
  Ijyb (D:5)
  7 orc wizards
  7 adders
  16 gnolls
  2 shadow imps
  A white imp (D:7)
  A worm (D:2)
  3 dart slugs
  22 orcs
  5 bats
  5 endoplasms
  3 giant cockroaches
  9 goblins
  4 hobgoblins
  6 jackals
  4 quokkas
  3 ball pythons
  2 frilled lizards (D:1)
  35 kobolds
  6 rats
191 creatures vanquished.

Vanquished Creatures (others)
  8 fungi (D:8)
  2 plants (D:8)
10 creatures vanquished.

Grand Total: 201 creatures vanquished

Notes
Turn   | Place    | Note
-------+----------+-------------------------------------------
     0 | D:1      | crusatyr the Troll Berserker began the quest for the Orb.
     0 | D:1      | Reached XP level 1. HP: 22/22 MP: 0/0
    27 | D:1      | Found a faded altar of an unknown god.
    79 | D:1      | Reached XP level 2. HP: 29/29 MP: 1/1
   214 | D:1      | Reached skill level 4 in Unarmed Combat
   544 | D:2      | Reached XP level 3. HP: 22/36 MP: 2/2
   591 | D:2      | Found a hide-covered altar of Uskayaw.
   641 | D:2      | Reached ** piety under Trog
   767 | D:2      | Reached XP level 4. HP: 26/44 MP: 3/3
   771 | D:2      | Reached skill level 5 in Unarmed Combat
  1647 | D:4      | Noticed a black bear
  1653 | D:4      | Killed a black bear
  1654 | D:4      | Reached skill level 6 in Unarmed Combat
  1654 | D:4      | Reached XP level 5. HP: 50/50 MP: 4/4
  1766 | D:4      | Found a one-way gate to the infinite horrors of the Abyss.
  1766 | D:4      | Noticed coolguy69's ghost (amateur VSMo)
  1793 | D:4      | Reached XP level 6. HP: 59/59 MP: 5/5
  1815 | D:4      | Noticed a small abomination
  1878 | D:4      | Found a transporter.
  1890 | D:4      | Found a transporter.
  1917 | D:4      | Reached skill level 7 in Unarmed Combat
  1995 | D:4      | Reached *** piety under Trog
  2025 | D:4      | Found a broken altar of Ashenzari.
  2071 | D:4      | Found Puqof's Armour Emporium.
  2147 | D:4      | Found an ornate altar of the Wu Jian Council.
  2366 | D:4      | Found a stormy altar of Qazlal.
  2399 | D:4      | Found a runed translucent door.
  2400 | D:4      | Noticed Crazy Yiuf
  2409 | D:4      | Killed Crazy Yiuf
  2447 | D:5      | Entered Level 5 of the Dungeon
  2489 | D:5      | Found a staircase to the Ecumenical Temple.
  2499 | D:5      | Reached skill level 8 in Unarmed Combat
  2499 | D:5      | Reached XP level 7. HP: 64/66 MP: 6/6
  2628 | D:5      | Noticed Pikel
  2647 | D:5      | Killed Pikel
  2648 | D:5      | Reached skill level 9 in Unarmed Combat
  2648 | D:5      | Reached XP level 8. HP: 74/74 MP: 7/7
  2663 | D:5      | Identified the +2 falchion of Exquisite Death {drain, rElec
                  | Dex+2}
  2706 | D:5      | Noticed Ijyb
  2713 | D:5      | Killed Ijyb
  3154 | D:6      | Found an iron altar of Okawaru.
  3411 | D:6      | Found a snail-covered altar of Cheibriados.
  3418 | D:6      | Found an ancient bone altar of Kikubaaqudgha.
  3437 | D:6      | Reached skill level 10 in Unarmed Combat
  3451 | D:6      | Reached skill level 5 in Throwing
  3709 | D:7      | Reached XP level 9. HP: 80/80 MP: 8/8
  3883 | D:7      | Reached **** piety under Trog
  4068 | D:7      | Noticed Prince Ribbit
  4072 | D:7      | Killed Prince Ribbit
  4184 | D:7      | Reached skill level 11 in Unarmed Combat
  4196 | D:7      | Found Soedag's Lightly-Used Armoury.
  4610 | D:4      | Bought a +2 robe of willpower for 247 gold pieces
  4656 | Temple   | Entered the Ecumenical Temple
  4789 | D:8      | Noticed a two-headed ogre
  4793 | D:8      | Killed a two-headed ogre
  4852 | D:8      | Noticed a troll
  4860 | D:8      | Killed a troll
  4898 | D:8      | Found a large runed translucent door.
  4898 | D:8      | Found a large runed translucent door.
  4902 | D:8      | Noticed Drazool's ghost (novice SpAM)
  4925 | D:8      | Found Fopeudut's Antique Weapon Shoppe.
  5202 | D:8      | Found a hide-covered altar of Uskayaw.
  5227 | D:8      | Reached XP level 10. HP: 70/86 MP: 9/9
  5297 | D:8      | Found a shadowy altar of Dithmenos.
  5327 | D:8      | Reached skill level 12 in Unarmed Combat
  5452 | D:8      | Mangled by a komodo dragon

Illustrated notes

Levels and vault maps discovered:
D:1:      dpeg_arrival_tiny_a, layout_rooms,
          shapermc_ecumenical_altar_rom_forum, reono_crystal_passage
D:2:      layout_rooms, basic_altar, moated_statue
D:3:      layout_loops_ring, chequers_serial_rivers_room_b
D:4:      layout_basic, nzn_wu_jian_contemplation,
          ashenzari_conservatory_becter, general_overflow_altar, serial_shops,
          nicolae_shop_hallway_plus, gammafunk_ghost_abyssal_escape,
          st_stairs_3, hangedman_decor_slide_cut, uniq_crazy_yiuf_cottage
D:5:      layout_basic, minmay_temple_entry_purple_smoke, minmay_misc_feat_chi,
          uniq_pikel, uniq_ijyb
D:6:      layout_loops_cross, okawaru_ov_weapons_minmay,
          mainiacjoe_overflow_large_starburst
D:7:      layout_basic, minmay_shop_damaged, minivault_24, uniq_prince_ribbit1
D:8:      layout_basic, nicolae_uskayaw_dance_studio,
          mainiacjoe_overflow_alcove_1, grunt_lair_entry_orc_guard_hut,
          serial_shops, shop_fountains, ebering_ghost_disaster_area
Temple:   jpeg_temple_clearing

Skill      XL: |  1  2  3  4  5  6  7  8  9 10 |
---------------+-------------------------------+-----
Unarmed Combat | 4 6 8 9 10 11 12 | 12.1
Throwing       | 3 5 7 8 |  8.1
Fighting       | |  2.4
Dodging        | |  2.4

Action                   |  1- 3 |  4- 6 |  7- 9 | 10-12 || total
-------------------------+-------+-------+-------+-------++-------
Melee: Unarmed           |    72 |   126 |   245 |    25 ||   468
       Punch             |     2 |     4 |     5 |     1 ||    12
Invok: Berserk           |       |     4 |     5 |     1 ||    10
       Trog's Hand       |       |       |     1 |     2 ||     3
  Use: Scroll            |       |       |    11 |       ||    11
 Stab: Sleeping          |       |     1 |       |       ||     1
Armor: Animal skin       |    27 |    24 |    39 |       ||    90
       Robe              |       |       |    20 |     8 ||    28
Dodge: Dodged            |    32 |    65 |    67 |     8 ||   172
Block: Other             |       |    16 |    43 |     6 ||    65
       Reflection        |       |     2 |     3 |       ||     5

Table legend: (Time is in decaauts)
 A = Elapsed time spent in this place.
 B = Non-inter-level travel time spent in this place.
 C = Inter-level travel time spent in this place.
 D = Time resting spent in this place.
 E = Time spent auto-exploring this place.
 F = Levels seen in this place.
 G = Mean time per level.
                   A        B        C        D        E       F      G
               +--------+--------+--------+--------+--------+-----+--------+
         Total |   5479 |   5159 |    320 |    230 |   3693 |   9 |  608.8 |
       Dungeon |   5477 |   5157 |    320 |    230 |   3693 |   8 |  684.6 |
        Temple |      1 |      1 |      0 |      0 |      0 |   1 |    1.0 |
               +--------+--------+--------+--------+--------+-----+--------+

Top non-repeatable levels by time:
     D:7: 926 daAuts
     D:4: 890 daAuts
     D:8: 771 daAuts
     D:6: 738 daAuts
     D:3: 580 daAuts
     D:2: 576 daAuts
     D:5: 517 daAuts
     D:1: 475 daAuts
  Temple: 1 daAuts
